 Dungeon Crawl Stone Soup version 0.30-a0-311-gf115ab0292 (webtiles) character file.

Game seed: 15843764250912755716

17 Engwar the Covered (level 2, 26/26 HPs)
             Began as an Armataur Fighter on Oct 25, 2022.
             Quit the game on level 1 of the Dungeon.
             The game lasted 00:02:16 (778 turns).

Engwar the Covered (Armataur Fighter)                Turns: 778, Time: 00:02:16

Health: 26/26      AC: 10    Str: 21    XL:     2   Next: 44%
Magic:  2/2        EV:  3    Int:  8    God:
Gold:   49         SH:  4    Dex:  9    Spells: 1/1 levels left

rFire   . . .      SeeInvis .    a - +0 long sword
rCold   . . .      Faith    .    c - +0 buckler
rNeg    . . .      Spirit   .    j - +0 plate armour
rPois   .          Reflect  .    (no helmet)
rElec   .          Harm     .    (no cloak)
rCorr   .          Roll     +    b - +0 pair of gloves
Will    .....                    (no barding)
Stlth   ..........               (no amulet)
HPRegen 0.24/turn                (no ring)
MPRegen 0.08/turn                (no ring)

@: no status effects
A: large, rugged brown scales 3, deformed body, armoured tail, roll, long
tongue, awkward tongue
a: no special abilities


You were on level 1 of the Dungeon.
You visited 1 branch of the dungeon, and saw 1 of its levels.

You collected 49 gold pieces.

Inventory:

Hand Weapons
 a - a +0 long sword (weapon)
Missiles
 k - 5 boomerangs (quivered)
Armour
 b - a +0 pair of gloves (worn)
 c - a +0 buckler (worn)
 j - a +0 plate armour (worn)
Scrolls
 e - a scroll of identify {unknown}
 g - a scroll of amnesia {unknown}
 h - a scroll of magic mapping {unknown}
 i - a scroll of fear {unknown}
 m - a scroll of teleportation {unknown}
Potions
 d - a potion of might
 f - a potion of resistance {unknown}
 l - a potion of ambrosia {unknown}


   Skills:
 + Level 2.9 Fighting
 * Level 2.2 Long Blades
 + Level 3.8 Armour
 + Level 3.5 Shields


You had one spell level left.
You didn't know any spells.
Your spell library was empty.

Dungeon Overview and Level Annotations

Branches:
Dungeon (1/15)

Altars:


Innate Abilities, Weirdness & Mutations

You are completely covered in rugged brown scales. (AC +3, +7% HP)
Armour fits poorly on your strangely shaped body.
You have a long armoured tail.
You roll when moving toward enemies. (Rampage)
Your long tongue fully drains potion bottles. (2x potion effects)
Your tongue gives you trouble enunciating. (1.5x scroll delay)


Message History

You block the bat's attack. x2
You slash the bat!
You kill the bat!
No target in view!
No target in view!
You now have 27 gold pieces (gained 6).
As you open the door, it creaks loudly!
There is an open door here.
There is an open door here.
A kobold comes into view. It is wielding a +0 whip.
The kobold shouts!
You roll towards the kobold!
You roll towards the kobold!
The kobold hits you with a +0 whip.
You closely miss the kobold.
Your tail-slap misses the kobold.
You block the kobold's attack.
You barely miss the kobold.
The kobold hits you but does no damage. x2
You hit the kobold.
You kill the kobold!
No target in view!
No target in view!
No target in view!
No target in view!
No target in view!
No target in view!
You now have 36 gold pieces (gained 9).
You see here a rat corpse.
There is an open door here.
Key pressed, stopping explore.
You now have 49 gold pieces (gained 13).
A rat comes into view.
The rat bites you but does no damage.
You hit the rat.
You kill the rat!
No target in view!
No target in view!
No target in view!
No target in view!
No target in view!
You pace your travel speed to your slowest ally.
Are you sure you want to abandon this character and quit the game? (Confirm with "yes".)

#[# #.# #.#######
##########.......#
.#.........#####.#
.#.#######.# #.#
.#.# #.# #.# .#.#
#.# #†# .#.#
#.#####@# .#.#
#.......# .#.#
######### .#.#
##'## ....# ....#
÷...# ....#


There were no monsters in sight!

Vanquished Creatures
  A giant cockroach (D:1)
  A goblin (D:1)
  2 hobgoblins (D:1)
  3 jackals (D:1)
  3 bats (D:1)
  2 frilled lizards (D:1)
  2 kobolds (D:1)
  2 rats (D:1)
16 creatures vanquished.

Notes
Turn   | Place    | Note
-------+----------+-------------------------------------------
     0 | D:1      | Engwar the Armataur Fighter began the quest for the Orb.
     0 | D:1      | Reached XP level 1. HP: 19/19 MP: 1/1
    38 | D:1      | Reached XP level 2. HP: 20/26 MP: 2/2
   778 | D:1      | Quit the game

Illustrated notes

Levels and vault maps discovered:
D:1:      nzn_arrival_crosshair, layout_basic

Skill      XL: |  1 |
---------------+----+-----
Long Blades    | 2 |  2.2
Fighting       | |  2.9
Armour         | |  3.8
Shields        | |  3.5

Action                   || total
-------------------------++-------
Melee: Long sword        ||    48
       Tailslap          ||     2
Armor: Scale mail        ||    16
       Plate armour      ||    14
Dodge: Dodged            ||    12
Block: Buckler           ||    12

Table legend: (Time is in decaauts)
 A = Elapsed time spent in this place.
 B = Non-inter-level travel time spent in this place.
 C = Inter-level travel time spent in this place.
 D = Time resting spent in this place.
 E = Time spent auto-exploring this place.
 F = Levels seen in this place.
 G = Mean time per level.
                   A        B        C        D        E       F      G
               +--------+--------+--------+--------+--------+-----+--------+
         Total |    793 |    773 |     20 |      0 |    637 |   1 |  793.0 |
       Dungeon |    793 |    773 |     20 |      0 |    637 |   1 |  793.0 |
               +--------+--------+--------+--------+--------+-----+--------+

Top non-repeatable levels by time:
     D:1: 793 daAuts
